AoeStats
← 只会打步弓

Arena

509889628Analyzed
4v4 RM · 3d ago on Sep 28, 2026· 49m 45s· 8 players
Game mode
Random Map
Map size
Large (8 player)
Population
200
Speed
Normal
Resources
Standard
Victory
Conquest
Starting age
Dark Age
Ending age
Imperial Age
RankedLock teamsTeams togetherTeam positionsShared explorationLock speedFull tech treeHidden civsTurbo modeCheats
Victory
Defeat
🇨🇳 Turks · China
1588
+15
🇨🇳 Huns · China
1574
+16
🇨🇳 Burmese · China
1556
+16
🇨🇳 Bohemians · China
1541
+17
🇩🇪 Bengalis · Germany
1657
-20
🇷🇴 Gurjaras · Romania
1654
-19
🇩🇪 Danes · Germany
1487
-13
🇩🇪 Tupi · Germany
1454
-12
LY006
11:35 Feudal Age
12:50 Double-Bit Axe
15:42 Castle Age
20:21 Imperial Age
18:57 Bow Saw
38:44 Loom
40:09 Bombard Tower
41:29 Masonry
41:25 Fletching
41:49 Fortified Wall
42:53 Bodkin Arrow
44:22 Caravan
45:15 Bracer
46:11 Padded Archer Armor
48:12 Coinage
LUCKY
11:13 Feudal Age
12:37 Double-Bit Axe
12:42 Horse Collar
15:41 Castle Age
16:34 Bow Saw
16:27 Heavy Plow
18:48 Wheelbarrow
18:57 Loom
23:24 Town Watch
24:17 Gold Mining
25:25 Hand Cart
27:19 Gold Shaft Mining
30:34 Imperial Age
28:28 Marauders
29:49 Stone Mining
30:22 Bloodlines
30:13 Husbandry
29:34 Light Cavalry
31:12 Scale Barding Armor
31:18 Forging
30:40 Elite Tarkan
31:41 Conscription
32:34 Chain Barding Armor
34:18 Plate Barding Armor
34:58 Iron Casting
34:55 Coinage
35:34 Two-Man Saw
42:14 Hussar
43:33 Banking
44:53 Pikeman
45:34 Squires
45:19 Arson
只会打步弓
10:19 Feudal Age
14:55 Castle Age
13:11 Double-Bit Axe
13:26 Horse Collar
16:28 Bow Saw
16:17 Loom
21:01 Town Watch
23:32 Wheelbarrow
29:44 Imperial Age
27:48 Heavy Plow
28:36 Forging
29:59 Chemistry
29:29 Wagenburg Tactics
30:06 Iron Casting
29:24 Fletching
30:18 Hand Cart
30:46 Ballistics
30:26 Heavy Scorpion
32:38 Two-Man Saw
31:58 Bodkin Arrow
32:36 Conscription
33:11 Siege Engineers
34:01 Town Patrol
34:29 Houfnice
41:33 Bracer
43:09 Masonry
44:21 Coinage
48:44 Guilds
小胖子
11:25 Feudal Age
15:17 Castle Age
14:48 Gold Mining
14:40 Horse Collar
18:10 Padded Archer Armor
20:21 Bloodlines
21:00 Ballistics
22:38 Husbandry
24:26 Loom
45:18 Wheelbarrow
48:19 Imperial Age
50:12 Hand Cart
49:43 Town Watch
软脚虾3号
10:15 Feudal Age
14:00 Castle Age
12:03 Double-Bit Axe
12:26 Horse Collar
15:48 Bow Saw
20:08 Heavy Plow
21:57 Wheelbarrow
25:11 Gold Mining
25:11 Stone Mining
28:16 Imperial Age
26:02 Hand Cart
25:33 Loom
25:34 Town Watch
26:26 Scale Mail Armor
26:36 Forging
27:48 Stone Shaft Mining
27:50 Gold Shaft Mining
28:20 Chain Mail Armor
28:41 Iron Casting
28:18 Masonry
28:29 Ballistics
29:34 Plate Mail Armor
30:19 Bloodlines
30:10 Husbandry
30:38 Conscription
30:06 Elite Jomsviking
31:54 Chemistry
30:45 Fletching
30:56 Padded Archer Armor
32:20 Blast Furnace
31:11 Fletching
31:21 Padded Archer Armor
31:33 Thumb Ring
31:41 Cranequins
31:47 Hamask
32:54 Heavy Mounted Crossbowman
34:04 Squires
33:49 Arson
34:10 Bodkin Arrow
34:32 Leather Archer Armor
36:09 Bracer
37:00 Onager
39:03 Ring Archer Armor
39:33 Siege Onager
46:07 Hoardings
45:45 Light Cavalry
46:31 Scale Barding Armor
47:33 Chain Barding Armor
48:52 Plate Barding Armor
RoU_MaNiA
10:09 Feudal Age
13:42 Castle Age
11:49 Double-Bit Axe
12:33 Horse Collar
14:50 Bow Saw
20:13 Wheelbarrow
19:25 Loom
22:08 Gold Mining
22:35 Hand Cart
23:10 Heavy Plow
27:12 Imperial Age
25:29 Stone Mining
25:32 Fletching
26:03 Padded Archer Armor
26:20 Bodkin Arrow
27:27 Gold Shaft Mining
27:32 Leather Archer Armor
27:38 Bloodlines
27:28 Husbandry
28:56 Chemistry
28:01 Elite Elephant Archer
29:50 Ballistics
29:37 Thumb Ring
31:30 Conscription
31:43 Light Cavalry
35:17 Bracer
41:40 Forging
41:36 Scale Barding Armor
42:17 Coinage
43:47 Crop Rotation
43:40 Chain Barding Armor
43:55 Iron Casting
45:01 Plate Barding Armor
45:16 Banking
44:47 Siege Elephant
45:47 Treadmill Crane
46:18 Masonry
46:57 Stone Shaft Mining
Dekodie
10:41 Feudal Age
14:27 Castle Age
12:42 Double-Bit Axe
15:28 Bow Saw
16:03 Horse Collar
21:14 Fletching
21:27 Loom
21:54 Bodkin Arrow
26:28 Imperial Age
25:35 Gold Mining
26:26 Padded Archer Armor
27:13 Heavy Plow
27:56 Conscription
28:06 Conscription
29:01 Elite Blackwood Archer
31:07 Bracer
31:13 Onager
33:34 Scale Mail Armor
34:09 Champi Runner
34:49 Squires
35:34 Leather Archer Armor
36:00 Champi Warrior
36:52 Forging
36:58 Chain Mail Armor
36:48 Elite Champi Warrior
37:13 Arson
Veni Vidi Elmo
10:52 Feudal Age
12:45 Double-Bit Axe
15:16 Castle Age
14:30 Horse Collar
14:42 Gold Mining
21:15 Imperial Age
20:29 Sanctity
20:49 Redemption
22:16 Block Printing
32:26 Caravan
Connection lost

Rejoining the realm…

Still unreachable

The connection could not be restored.

Session expired

The server has moved on; the page needs a fresh start.